 Dungeon Crawl Stone Soup version 0.27.1-1-g398f81649c (webtiles) character file.

Game seed: 14597105320089776229

1288 bnorton916 the Conjurer (level 8, -6/42 HPs)
             Began as a Deep Elf Conjurer on Sept 19, 2021.
             Splashed by a brown ugly thing's acid (12 damage)
             ... on level 6 of the Dungeon.
             The game lasted 00:10:01 (7023 turns).

bnorton916 the Conjurer (Deep Elf Conjurer)         Turns: 7023, Time: 00:10:02

Health: -6/42      AC:  3    Str:  4    XL:     8   Next: 30%
Magic:  1/20       EV: 12    Int: 26    God:
Gold:   213        SH:  0    Dex: 13    Spells: 6/20 levels left

rFire    . . .     SeeInvis .   d - +1 short sword (freeze)
rCold    . . .     Faith    .   (no shield)
rNeg     . . .     Spirit   .   a - +0 robe
rPois    .         Reflect  .   (no helmet)
rElec    .         Harm     .   (no cloak)
rCorr    .         Rampage  .   l - +0 pair of gloves
Will     .....                  (no boots)
Stlth    ++........             (no amulet)
HPRegen  0.14/turn              (no ring)
MPRegen  0.17/turn              (no ring)

@: no status effects
A: no striking features
a: no special abilities


You were on level 6 of the Dungeon.
You visited 2 branches of the dungeon, and saw 7 of its levels.
You also visited: Sewer.

You collected 213 gold pieces.

Inventory:

Hand Weapons
 d - a +1 short sword of freezing (weapon)
Missiles
 c - a curare-tipped dart
 m - 4 throwing nets
Armour
 a - a +0 robe (worn)
 l - a +0 pair of gloves (worn)
Jewellery
 h - a ring of fire
Wands
 i - a wand of digging (2)
 u - a wand of paralysis (9)
Scrolls
 b - a scroll of fear {unknown}
 g - a scroll of amnesia
 n - 2 scrolls of teleportation
 o - 2 scrolls of identify
 p - a scroll of vulnerability {unknown}
 q - a scroll of summoning {unknown}
 r - 2 scrolls of blinking {unknown}
 s - a scroll of holy word {unknown}
 t - a scroll of noise {unknown}
 v - a scroll of enchant weapon {unknown}
Potions
 e - 2 potions of attraction {unknown}
 f - a potion of haste {unknown}
 j - 3 potions of heal wounds
 k - a potion of flight


   Skills:
 - Level 0.7 Fighting
 - Level 0.8 Short Blades
 - Level 2.4 Dodging
 - Level 2.4 Stealth
 - Level 6.8 Spellcasting
 - Level 7.6 Conjurations
 + Level 5.0 Hexes
 + Level 4.0 Translocations
 - Level 3.5 Poison Magic


You had 6 spell levels left.
You knew the following spells:

 Your Spells              Type           Power      Damage    Failure   Level
a - Magic Dart            Conj           100%       1d8       1%          1
b - Searing Ray           Conj           96%        3d7       1%          2
c - Fulminant Prism       Conj/Hex       20%        3d13      4%          4
d - Iskenderun's Mystic   Conj/Tloc      39%        2d9       6%          4
e - Mephitic Cloud        Conj/Pois/Air  28%        N/A       4%          3

Your spell library contained the following spells:

 Spells                   Type           Power      Damage    Failure   Level
 Dazzling Flash           Conj/Hex       82%        N/A       1%          3
 Poisonous Vapours        Pois/Air       36%        N/A       4%          2
 Call Imp                 Summ           8%         N/A       10%         2
 Corpse Rot               Necr/Air       N/A        N/A       10%         2
 Freezing Cloud           Conj/Ice/Air   11%        6-21      52%         5


Dungeon Overview and Level Annotations

Branches:
Dungeon (6/15)             Temple (1/1) D:5           Sewer (visited)

Altars:
Elyvilon
Hepliaklqana
Kikubaaqudgha
Makhleb
Okawaru
Qazlal
Ru
Sif Muna
Trog
Uskayaw
Wu Jian
Xom
Yredelemnul
The Shining One
Lugonu

Shops:
D:1 (**   D:2 (   D:5 *

Annotations:
D:5 2 transporters, Icepheonix32's ghost, amateur DsAE


Message History

Casting: Iskenderun's Mystic Blast (quite dangerous; 6% risk of failure)
Confirm with . or Enter, or press ? or * to list all spells.
The spell is quite dangerous to cast (6% risk of failure)!
Continue anyway?
You erupt in a blast of force!
The mystic blast hits the brown ugly thing.
The brown ugly thing is severely wounded.
The brown ugly thing is knocked back by the mystic blast.
You hear an angry hiss.
A water moccasin comes into view.
Unknown command.
Casting: Iskenderun's Mystic Blast (quite dangerous; 6% risk of failure)
Confirm with . or Enter, or press ? or * to list all spells.
The spell is quite dangerous to cast (6% risk of failure)!
Continue anyway?
You erupt in a blast of force!
The mystic blast hits the brown ugly thing.
The brown ugly thing is almost dead.
The brown ugly thing is knocked back by the mystic blast.
There is a stone staircase leading up here.
Casting: Iskenderun's Mystic Blast (quite dangerous; 6% risk of failure)
Confirm with . or Enter, or press ? or * to list all spells.
You don't have enough magic to cast this spell.
You don't have any such object.
Evoke which item? (* to show all) (? for menu, Esc to quit)
Okay, then.
Unknown command.
Okay, then.
Unknown command.
Casting: Iskenderun's Mystic Blast (quite dangerous; 6% risk of failure)
Confirm with . or Enter, or press ? or * to list all spells.
Aiming: Searing Ray (safe; 1% risk of failure)
Press: ? - help, Shift-Dir - straight line, f/p - brown ugly thing
Aim: a brown ugly thing (almost dead, 83% to hit)
The searing ray hits the brown ugly thing!
The brown ugly thing is almost dead. (Press . to maintain the ray.) Unknown command.
The water moccasin barely misses you. The brown ugly thing kicks you!
* * * LOW HITPOINT WARNING * * *
You are splashed with acid!
You die...

#.......#...# #.......#
#...........# #..#######. #<
##.########.# #..........
##.##..........#####.#########
............#####..........#
........................^.>#
#######.###..###...#######.#
#.# ##.###...#
####.####u@.....#
#........S.###..# .
#...........##..# ..
#...............# ...
#............#...
....###..........#.#..##
............(....#.#..#
####.##.....(....#.#..#
......##########.#


You could see a brown ugly thing and a water moccasin.

Vanquished Creatures
  A hornet (D:5)
  2 ogres (D:5)
  A centaur (D:5)
  A kobold brigand (Sewer)
  A phantom (D:4)
  2 scorpions
  A water moccasin skeleton (D:4)
  2 jellies
  2 orc priests
  A centaur zombie (D:5)
  Jessica (D:2)
  An iguana (D:5)
  An orc wizard (D:5)
  A scorpion zombie (D:5)
  2 hound zombies (D:5)
  A hound skeleton (D:4)
  4 gnolls
  7 adders
  3 river rats (Sewer)
  An adder skeleton (D:5)
  A worm (D:3)
  4 dart slugs
  19 orcs
  3 endoplasms
  2 giant cockroaches (D:2)
  5 goblins
  6 hobgoblins
  5 jackals
  3 quokkas
  7 ball pythons
  4 bats
  11 kobolds
  4 rats
110 creatures vanquished.

Vanquished Creatures (others)
  2 fulminant prisms (D:6)
2 creatures vanquished.

Grand Total: 112 creatures vanquished

Notes
Turn   | Place    | Note
-------+----------+-------------------------------------------
     0 | D:1      | bnorton916 the Deep Elf Conjurer began the quest for the
                  | Orb.
     0 | D:1      | Reached XP level 1. HP: 10/10 MP: 6/6
   213 | D:1      | Reached XP level 2. HP: 15/15 MP: 2/8
   272 | D:1      | Found Owimp's Assorted Antiques.
   299 | D:1      | Found a faded altar of an unknown god.
   529 | D:1      | Reached skill level 5 in Conjurations
   837 | D:1      | Found Joit's Weapon Shoppe.
   855 | D:1      | Found Bar Vuyn's General Store.
  1117 | D:2      | Reached XP level 3. HP: 13/19 MP: 5/9
  1120 | D:2      | Learned a level 2 spell: Searing Ray
  1589 | D:2      | Found Hooqiaps's Antique Weapon Boutique.
  1727 | D:2      | Noticed Jessica
  1729 | D:2      | Killed Jessica
  1730 | D:2      | Reached XP level 4. HP: 24/24 MP: 7/11
  2239 | D:3      | Reached skill level 6 in Conjurations
  2535 | D:3      | Found a burning altar of Makhleb.
  2543 | D:3      | Found a stormy altar of Qazlal.
  2600 | D:3      | Reached XP level 5. HP: 28/28 MP: 8/13
  2667 | D:3      | Found a glowing drain.
  2690 | Sewer    | Entered a sewer
  2967 | Sewer    | Reached skill level 5 in Spellcasting
  3269 | Sewer    | Found a white marble altar of Elyvilon.
  3352 | D:3      | Reached XP level 6. HP: 28/32 MP: 9/16
  3659 | D:3      | Reached skill level 7 in Conjurations
  5045 | D:4      | Reached XP level 7. HP: 31/37 MP: 11/19
  5136 | D:4      | Learned a level 4 spell: Fulminant Prism
  5147 | D:4      | Learned a level 4 spell: Iskenderun's Mystic Blast
  5454 | D:4      | Learned a level 3 spell: Mephitic Cloud
  5548 | D:5      | Entered Level 5 of the Dungeon
  5552 | D:5      | Reached skill level 1 in Hexes
  5552 | D:5      | Reached skill level 1 in Translocations
  5552 | D:5      | Reached skill level 1 in Poison Magic
  5621 | D:5      | Found a transporter.
  5623 | D:5      | Found a transporter.
  5623 | D:5      | Noticed Icepheonix32's ghost (amateur DsAE)
  5624 | D:5      | Noticed a vampire mosquito
  6103 | D:5      | Found Vaus's Overcharged Wands.
  6194 | D:5      | Noticed a hornet
  6203 | D:5      | Killed a hornet
  6204 | D:5      | Reached XP level 8. HP: 30/42 MP: 0/20
  6577 | D:5      | Found a staircase to the Ecumenical Temple.
  6700 | D:5      | Found a hide-covered altar of Uskayaw.
  6701 | D:5      | Found a white marble altar of Elyvilon.
  6702 | D:5      | Found a basalt altar of Yredelemnul.
  6703 | D:5      | Found an ancient bone altar of Kikubaaqudgha.
  6748 | Temple   | Entered the Ecumenical Temple
  7002 | D:6      | Noticed a brown ugly thing
  7006 | D:6      | Reached skill level 5 in Hexes
  7023 | D:6      | Splashed by a brown ugly thing's acid

Illustrated notes

Levels and vault maps discovered:
D:1:      lightli_arrival_statuegarden, layout_basic,
          ebering_ecumenical_altar_mist, serial_shops,
          nicolae_shop_competitors_out_of_business, shop, shop_statue,
          grunt_decor_fettered, chequers_serial_rivers_micro_a
D:2:      wad_crossroads, layout_loops_corners, serial_shops, shop, uniq_jessica
D:3:      layout_loops_corners, mainiacjoe_overflow_catwalk_spiral,
          cheibrodos_sewer_entry_sluice
D:4:      layout_basic
D:5:      layout_loops_cross, mainiacjoe_overflow_alcove_3, temple_fountains,
          gammafunk_ghost_arena, nicolae_shop_overcharged_wands
D:6:      layout_basic, ebering_ghost_rock_garden
Temple:   corrupted_temple

Skill      XL: |  1  2  3  4  5  6  7  8 |
---------------+-------------------------+-----
Conjurations   | 5 6 7 |  7.6
Spellcasting   | 4 5 6 |  6.8
Hexes          | 4 5 |  5.0
Translocations | 3 4 |  4.0
Poison Magic   | 3 |  3.5
Fighting       | |  0.7
Short Blades   | |  0.8
Dodging        | |  2.4
Stealth        | |  2.4

Action                   |  1- 3 |  4- 6 |  7- 9 || total
-------------------------+-------+-------+-------++-------
Melee: Short sword       |       |    10 |       ||    10
 Cast: Magic Dart        |    54 |    91 |    29 ||   174
       Searing Ray       |       |    14 |    15 ||    29
       Iskenderun's Myst |       |       |     4 ||     4
       Fulminant Prism   |       |       |     2 ||     2
  Use: Scroll            |       |     2 |       ||     2
       Potion            |       |     1 |       ||     1
Armor: Robe              |     1 |     4 |     9 ||    14
Dodge: Dodged            |     2 |    22 |    18 ||    42
